Detroit Red Wings vs Chicago Black Hawks
Created - Monday, April 3, 2023 at 07:30
Goals
|
| Detroit Red Wings |
1 |
3 |
1 |
0 |
5 |
| Chicago Black Hawks |
2 |
1 |
2 |
1 |
6 |
|
Shots
|
| Detroit Red Wings |
15 |
11 |
8 |
0 |
34 |
| Chicago Black Hawks |
19 |
7 |
8 |
1 |
35 |
|
1st period
1. Chicago Black Hawks , Chris Kreider 11 (Bo Horvat 12, Rasmus Ristolainen 5) at 0:51
2. Chicago Black Hawks , Chris Kreider 12 (Steven Stamkos 18) at 3:01 (PP)
3. Detroit Red Wings , Brock Nelson 6 (Jonathan Huberdeau 11, Auston Matthews 10) at 9:20 (PP)
Penalties :
Jonathan Huberdeau (DET) for Cross-checking (Minor) at 2:53, Ilya Sorokin (CHI) for Slashing (Minor) at 8:42 - Brent Burns served the penalty, Mikhail Sergachev (CHI) for Tripping (Minor) at 9:49
2nd period
4. Detroit Red Wings , Jared McCann 5 (Auston Matthews 11, Sean Couturier 9) at 3:47
5. Detroit Red Wings , Mika Zibanejad 9 (Jonathan Huberdeau 12, Sean Couturier 10) at 6:37
6. Chicago Black Hawks , Bryan Rust 6 (Barclay Goodrow 2) at 11:32
7. Detroit Red Wings , Jonathan Huberdeau 9 (Sean Couturier 11, MacKenzie Weegar 8) at 14:08
Penalties :
Kris Letang (DET) for Hooking (Minor) at 9:20
3rd period
8. Chicago Black Hawks , Chris Kreider 13 (Bo Horvat 13, Mikhail Sergachev 10) at 4:41
9. Chicago Black Hawks , Bo Horvat 8 (Brent Burns 13) at 7:16
10. Detroit Red Wings , Brock Nelson 7 (Jared McCann 8, Auston Matthews 12) at 12:11
Penalties :
Brent Burns (CHI) for Holding (Minor) at 1:57
Overtime #1
11. Chicago Black Hawks , Phillip Danault 5 (Nikolaj Ehlers 8) at 0:12 (PP)
Penalties :
MacKenzie Weegar (DET) for Roughing (Minor) at 0:05
Goalie Stats
Semyon Varlamov (DET), 29 saves from 35 shots - (0.829), OTL, 2-3-1, 60:12 minutes
Ilya Sorokin (CHI), 29 saves from 34 shots - (0.853), W, 8-4-2, 60:12 minutes
Players Stats for Detroit Red Wings
Player Name G A P +/- PIM S H SB GA TA FO MP PP MP PK MP
------------------------------------------------------------------------------------
Arthur Kaliyev 0 0 0 0 0 2 0 0 0 0 2/2 9:47 0:00 0:00
Auston Matthews 0 3 3 1 0 2 1 0 1 0 8/16 17:55 2:28 0:00
Brock Nelson 2 0 2 0 0 2 0 0 0 0 0/2 18:44 2:28 1:05
Daniel Sprong 0 0 0 -2 0 2 0 1 1 0 0/0 14:01 0:00 0:00
Jamie Drysdale 0 0 0 -3 0 0 1 1 0 0 0/0 17:46 2:03 0:10
Jared McCann 1 1 2 1 0 4 2 1 0 0 2/3 16:58 2:08 0:00
Jason Spezza 0 0 0 -2 0 2 1 0 0 0 6/8 9:16 0:00 0:00
Jason Zucker 0 0 0 0 0 2 0 1 2 0 0/0 9:33 0:00 0:00
Jonathan Huberdeau 1 2 3 2 2 7 1 1 2 1 0/0 17:39 2:28 1:02
Keith Yandle 0 0 0 -2 0 0 0 0 0 0 0/0 12:08 0:00 0:40
Kris Letang 0 0 0 2 2 1 1 8 1 1 0/0 28:34 2:33 0:14
MacKenzie Weegar 0 1 1 2 2 0 0 0 0 0 0/0 25:27 2:33 0:58
Michael Del Zotto 0 0 0 0 0 1 0 0 0 0 0/0 17:21 0:00 1:15
Michael McCarron 0 0 0 0 0 1 0 0 0 0 6/7 8:35 0:00 0:00
Mika Zibanejad 1 0 1 2 0 3 1 0 4 0 18/37 23:14 2:08 1:08
Sean Couturier 0 3 3 1 0 4 0 1 1 0 0/3 23:33 2:08 1:05
Shayne Gostisbehere 0 0 0 0 0 0 2 2 1 1 0/0 19:19 2:03 1:09
Tyler Ennis 0 0 0 -2 0 1 0 0 1 0 0/0 8:42 0:00 0:00
Players Stats for Chicago Black Hawks
Player Name G A P +/- PIM S H SB GA TA FO MP PP MP PK MP
------------------------------------------------------------------------------------
Barclay Goodrow 0 1 1 1 0 0 0 2 0 1 7/14 12:13 0:00 2:58
Bo Horvat 1 2 3 3 0 4 1 0 1 2 11/18 16:41 0:54 0:28
Brent Burns 0 1 1 0 2 0 2 0 0 2 0/0 23:49 1:11 0:59
Bryan Rust 1 0 1 1 0 9 0 0 1 1 0/1 9:15 0:00 0:00
Chris Kreider 3 0 3 3 0 4 1 1 0 0 0/1 18:02 1:13 1:28
Devon Toews 0 0 0 -1 0 1 1 2 1 2 0/0 25:19 0:56 2:49
Lawson Crouse 0 0 0 1 0 2 0 0 0 0 0/0 12:27 0:00 2:58
Matt Duchene 0 0 0 -2 0 7 0 0 0 0 3/3 18:50 1:13 0:00
Matthew Tkachuk 0 0 0 -2 0 2 0 0 0 0 0/2 18:54 0:54 0:07
Mikhail Sergachev 0 1 1 2 2 1 2 0 0 1 0/0 22:28 1:11 0:48
Nicolas Hague 0 0 0 -1 0 0 1 0 0 1 0/0 13:16 0:00 1:47
Nikolaj Ehlers 0 1 1 -2 0 1 2 0 0 1 0/0 11:00 0:00 0:00
Phillip Danault 1 0 1 -2 0 1 0 0 0 0 2/8 12:21 0:00 1:03
Rasmus Andersson 0 0 0 -1 0 0 1 0 0 1 0/0 16:46 0:00 0:18
Rasmus Ristolainen 0 1 1 2 0 1 2 0 0 1 0/0 18:35 0:00 2:31
Steven Stamkos 0 1 1 -2 0 1 2 0 0 0 13/30 18:50 1:13 0:00
Travis Konecny 0 0 0 -2 0 0 0 1 0 1 0/0 11:54 0:54 0:10
Vladimir Tarasenko 0 0 0 2 0 1 1 0 0 0 0/1 15:30 0:56 0:00
3 Stars
1 - Chris Kreider (CHI)
2 - Bo Horvat (CHI)
3 - Jonathan Huberdeau (DET)
Power Play
Detroit Red Wings - 1 on 3 Attempt(s) - 33.33%
Chicago Black Hawks - 2 on 3 Attempt(s) - 66.67%
Penalty Kill
Detroit Red Wings - 1 on 3 Attempt(s) - 33.33%
- Score 0 goal in Penalty Kill
Chicago Black Hawks - 2 on 3 Attempt(s) - 66.67%
- Score 0 goal in Penalty Kill
Team Stat
Detroit Red Wings - Hits : 10 - Faceoff Wins : 42 - Blocked Shots : 16 - Penalty Minutes : 6
Chicago Black Hawks - Hits : 16 - Faceoff Wins : 36 - Blocked Shots : 6 - Penalty Minutes : 6
Official
Referees : Evgeny Romasko and Brian Pochmara
Linesman : Devin Berg and Matt MacPherson
Game Notes
Chris Kreider has scored a Hat Trick!
Jonathan Huberdeau is injured at 5:22 of 3rd period (Sore Left Knee)
Finance
Level 1 -- Attendance: 4525 (75.42%) -- Ticket Income $452,500
Level 2 -- Attendance: 4089 (81.78%) -- Ticket Income $245,340
Level 3 -- Attendance: 2772 (92.40%) -- Ticket Income $97,020
Level 4 -- Attendance: 3497 (69.94%) -- Ticket Income $87,425
Luxury Box -- Attendance: 711 (71.10%) -- Ticket Income $142,200
Game was played at the United Center.
Total Attendance: 15594 (77.97%)
Total Ticket Income: $1,024,485
Other Income: $358,570
Total Income: $1,383,055
Detroit Red Wings
5 vs 5 Forward
Center Left Wing Right Wing Time % Phy DF OF
1 Mika Zibanejad Jonathan Huberdeau Sean Couturier 40 1 2 2
2 Auston Matthews Jared McCann Brock Nelson 30 1 2 2
3 Jason Spezza Tyler Ennis Daniel Sprong 20 1 2 2
4 Michael McCarron Jason Zucker Arthur Kaliyev 10 1 2 2
5 vs 5 Defense
Defense Defense Time % Phy DF OF
1 Kris Letang MacKenzie Weegar 40 1 2 2
2 Michael Del Zotto Shayne Gostisbehere 30 1 2 2
3 Jamie Drysdale Keith Yandle 20 1 2 2
4 Kris Letang Jamie Drysdale 10 1 2 2
PowerPlay Forward
Center Left Wing Right Wing Time % Phy DF OF
1 Auston Matthews Jonathan Huberdeau Brock Nelson 50 1 2 2
2 Mika Zibanejad Jared McCann Sean Couturier 50 1 2 2
PowerPlay Defense
Defense Defense Time % Phy DF OF
1 Kris Letang MacKenzie Weegar 50 1 2 2
2 Shayne Gostisbehere Jamie Drysdale 50 1 2 2
Penalty Kill 4 Players Forward
Center Wing Time % Phy DF OF
1 Sean Couturier Brock Nelson 50 1 2 2
2 Mika Zibanejad Jonathan Huberdeau 50 1 2 2
Penalty Kill 4 Players Defense
Defense Defense Time % Phy DF OF
1 Kris Letang MacKenzie Weegar 50 1 2 2
2 Shayne Gostisbehere Michael Del Zotto 50 1 2 2
Penalty Kill - 3 Players Forward
Forward Time % Phy DF OF
1 Mika Zibanejad 50 1 2 2
2 Sean Couturier 50 1 2 2
Penalty Kill - 3 Players Defense
Defense Defense Time % Phy DF OF
1 Kris Letang MacKenzie Weegar 50 1 2 2
2 Shayne Gostisbehere Jamie Drysdale 50 1 2 2
4 vs 4 Forward
Center Wing Time % Phy DF OF
1 Auston Matthews Jonathan Huberdeau 60 1 2 2
2 Mika Zibanejad Sean Couturier 40 1 2 2
4 vs 4 Defense
Defense Defense Time % Phy DF OF
1 Kris Letang MacKenzie Weegar 60 1 2 2
2 Shayne Gostisbehere Jamie Drysdale 40 1 2 2
Last Minutes Offensive
Center Left Wing Right Wing Defense Defense
Auston Matthews Jonathan Huberdeau Mika Zibanejad Kris Letang MacKenzie Weegar
Last Minutes Defensive
Center Left Wing Right Wing Defense Defense
Auston Matthews Sean Couturier Mika Zibanejad Kris Letang MacKenzie Weegar
Goaltenders
Starting : Semyon Varlamov
Backup : Sergei Bobrovsky
Extra Forwards
Normal : Sean Couturier, Daniel Sprong, Arthur Kaliyev - PP : Jason Spezza, Jason Zucker - PK : Jason Spezza
Extra Defensemen
Normal : Michael Del Zotto, Keith Yandle, Shayne Gostisbehere - PP : Keith Yandle - PK : Michael Del Zotto, Keith Yandle
Penalty Shots
Mika Zibanejad, Jonathan Huberdeau, Auston Matthews, Sean Couturier, Kris Letang
Chicago Black Hawks
5 vs 5 Forward
Center Left Wing Right Wing Time % Phy DF OF
1 Steven Stamkos Matthew Tkachuk Matt Duchene 40 0 1 4
2 Bo Horvat Chris Kreider Vladimir Tarasenko 30 0 1 4
3 Phillip Danault Nikolaj Ehlers Travis Konecny 20 0 2 3
4 Barclay Goodrow Bryan Rust Lawson Crouse 10 0 2 3
5 vs 5 Defense
Defense Defense Time % Phy DF OF
1 Brent Burns Devon Toews 40 0 2 3
2 Rasmus Ristolainen Mikhail Sergachev 30 0 2 3
3 Rasmus Andersson Nicolas Hague 20 0 4 1
4 Mikhail Sergachev Rasmus Andersson 10 0 3 2
PowerPlay Forward
Center Left Wing Right Wing Time % Phy DF OF
1 Steven Stamkos Chris Kreider Matt Duchene 60 0 0 5
2 Bo Horvat Matthew Tkachuk Travis Konecny 40 0 0 5
PowerPlay Defense
Defense Defense Time % Phy DF OF
1 Brent Burns Mikhail Sergachev 60 0 0 5
2 Devon Toews Vladimir Tarasenko 40 0 0 5
Penalty Kill 4 Players Forward
Center Wing Time % Phy DF OF
1 Barclay Goodrow Lawson Crouse 60 0 5 0
2 Phillip Danault Chris Kreider 40 0 5 0
Penalty Kill 4 Players Defense
Defense Defense Time % Phy DF OF
1 Devon Toews Rasmus Ristolainen 60 0 5 0
2 Brent Burns Mikhail Sergachev 40 0 5 0
Penalty Kill - 3 Players Forward
Forward Time % Phy DF OF
1 Barclay Goodrow 60 0 5 0
2 Phillip Danault 40 0 5 0
Penalty Kill - 3 Players Defense
Defense Defense Time % Phy DF OF
1 Rasmus Ristolainen Mikhail Sergachev 60 0 5 0
2 Devon Toews Nicolas Hague 40 0 5 0
4 vs 4 Forward
Center Wing Time % Phy DF OF
1 Phillip Danault Nikolaj Ehlers 60 0 2 3
2 Bo Horvat Bryan Rust 40 0 2 3
4 vs 4 Defense
Defense Defense Time % Phy DF OF
1 Nicolas Hague Rasmus Ristolainen 60 0 4 1
2 Devon Toews Brent Burns 40 0 2 3
Last Minutes Offensive
Center Left Wing Right Wing Defense Defense
Steven Stamkos Chris Kreider Matthew Tkachuk Brent Burns Devon Toews
Last Minutes Defensive
Center Left Wing Right Wing Defense Defense
Barclay Goodrow Lawson Crouse Phillip Danault Rasmus Ristolainen Brent Burns
Goaltenders
Starting : Ilya Sorokin
Backup : Jordan Binnington
Extra Forwards
Normal : Lawson Crouse, Vladimir Tarasenko, Phillip Danault - PP : Bryan Rust, Nikolaj Ehlers - PK : Bo Horvat
Extra Defensemen
Normal : Rasmus Ristolainen, Nicolas Hague, Devon Toews - PP : Rasmus Ristolainen - PK : Nicolas Hague, Devon Toews
Penalty Shots
Bryan Rust, Matt Duchene, Devon Toews, Bo Horvat, Rasmus Ristolainen
% Time on Ice - Detroit Red Wings
Lines # - Real PCT - Wanted PCT - Time Play
Normal Forward
1 - 39% - 40% - 20:48
2 - 29% - 30% - 15:12
3 - 16% - 20% - 8:42
4 - 16% - 10% - 8:35
Normal Defense
1 - 41% - 40% - 21:51
2 - 31% - 30% - 16:41
3 - 20% - 20% - 10:54
4 - 7% - 10% - 3:51
PP Forward
1 - 54% - 50% - 2:28
2 - 46% - 50% - 2:08
PP Defense
1 - 55% - 50% - 2:33
2 - 45% - 50% - 2:03
PK Forward
1 - 51% - 50% - 1:05
2 - 49% - 50% - 1:02
PK Defense
1 - 46% - 50% - 0:58
2 - 54% - 50% - 1:09
PK3 Forward
1 - 100% - 50% - 0:06
2 - 0% - 50% - 0:00
PK3 Defense
1 - 100% - 50% - 0:06
2 - 0% - 50% - 0:00
44 Forward
1 - 100% - 60% - 0:06
2 - 0% - 40% - 0:00
44 Defense
1 - 100% - 60% - 0:06
2 - 0% - 40% - 0:00
Last Minute Offensive - 0:00
Last Minute Defensive - 0:00
Total
Forward - 60:12
Defense - 60:12
|
% Time on Ice - Chicago Black Hawks
Lines # - Real PCT - Wanted PCT - Time Play
Normal Forward
1 - 34% - 40% - 18:22
2 - 28% - 30% - 14:52
3 - 20% - 20% - 10:48
4 - 17% - 10% - 9:15
Normal Defense
1 - 39% - 40% - 20:59
2 - 31% - 30% - 16:23
3 - 21% - 20% - 11:17
4 - 9% - 10% - 4:38
PP Forward
1 - 57% - 60% - 1:13
2 - 43% - 40% - 0:54
PP Defense
1 - 56% - 60% - 1:11
2 - 44% - 40% - 0:56
PK Forward
1 - 77% - 60% - 3:33
2 - 23% - 40% - 1:03
PK Defense
1 - 55% - 60% - 2:31
2 - 45% - 40% - 2:05
PK3 Forward
1 - 0% - 60%
2 - 0% - 40%
PK3 Defense
1 - 0% - 60%
2 - 0% - 40%
44 Forward
1 - 100% - 60% - 0:12
2 - 0% - 40% - 0:00
44 Defense
1 - 100% - 60% - 0:12
2 - 0% - 40% - 0:00
Last Minute Offensive - 0:00
Last Minute Defensive - 0:00
Total
Forward - 60:12
Defense - 60:12
|
Play-by-Play
1st period
0:01 of 1st period - Mika Zibanejad wins face-off versus Steven Stamkos in neutral zone.
0:13 of 1st period - Snap shot by Matt Duchene.
0:13 of 1st period - Deflect By Matthew Tkachuk.
0:13 of 1st period - Shot Misses the Net.
0:13 of 1st period - Puck is out of play.
0:14 of 1st period - Bo Horvat wins face-off versus Auston Matthews in Detroit Red Wings zone.
0:21 of 1st period - Wrist shot by Chris Kreider.
0:21 of 1st period - Shot Misses the Net.
0:23 of 1st period - Slapshot by Rasmus Ristolainen.
0:23 of 1st period - Stopped by Semyon Varlamov without a rebound.
0:24 of 1st period - Bo Horvat wins face-off versus Auston Matthews in Detroit Red Wings zone.
0:47 of 1st period - Wrist shot by Chris Kreider.
0:47 of 1st period - Shot Misses the Net.
0:49 of 1st period - Snap shot by Bo Horvat.
0:49 of 1st period - Shot Misses the Net.
0:51 of 1st period - Slapshot by Chris Kreider.
0:51 of 1st period - Goal by Chris Kreider - Detroit Red Wings : 0 - Chicago Black Hawks : 1.
0:52 of 1st period - Jason Spezza wins face-off versus Phillip Danault in neutral zone.
1:30 of 1st period - Wrist shot by Jonathan Huberdeau.
1:30 of 1st period - Stopped by Ilya Sorokin with a rebound.
1:32 of 1st period - Snap shot by Jonathan Huberdeau.
1:32 of 1st period - Stopped by Ilya Sorokin without a rebound.
1:33 of 1st period - Michael McCarron wins face-off versus Barclay Goodrow in Chicago Black Hawks zone.
1:34 of 1st period - Snap shot by Arthur Kaliyev.
1:34 of 1st period - Stopped by Ilya Sorokin without a rebound.
1:35 of 1st period - Arthur Kaliyev wins face-off versus Barclay Goodrow in Chicago Black Hawks zone.
1:48 of 1st period - Snap shot by Bryan Rust.
1:48 of 1st period - Stopped by Semyon Varlamov without a rebound.
1:49 of 1st period - Steven Stamkos wins face-off versus Mika Zibanejad in Detroit Red Wings zone.
1:52 of 1st period - Snap shot by Matthew Tkachuk.
1:52 of 1st period - Shot Blocked by Jonathan Huberdeau.
2:27 of 1st period - Icing by Travis Konecny.
2:28 of 1st period - Jared McCann wins face-off versus Phillip Danault in Chicago Black Hawks zone.
2:35 of 1st period - Wrist shot by Auston Matthews.
2:35 of 1st period - Shot Blocked by Devon Toews.
2:45 of 1st period - Wrist shot by Travis Konecny.
2:45 of 1st period - Shot Misses the Net.
2:47 of 1st period - Snap shot by Devon Toews.
2:47 of 1st period - Stopped by Semyon Varlamov without a rebound.
2:48 of 1st period - Matt Duchene wins face-off versus Mika Zibanejad in Detroit Red Wings zone.
2:51 of 1st period - Snap shot by Steven Stamkos.
2:51 of 1st period - Shot Misses the Net.
2:53 of 1st period - Minor Penalty to Jonathan Huberdeau for Cross-checking.
2:54 of 1st period - Steven Stamkos wins face-off versus Sean Couturier in Detroit Red Wings zone.
3:01 of 1st period - Slapshot by Chris Kreider.
3:01 of 1st period - Goal by Chris Kreider - Detroit Red Wings : 0 - Chicago Black Hawks : 2.
3:02 of 1st period - Bo Horvat wins face-off versus Mika Zibanejad in neutral zone.
3:13 of 1st period - Slapshot by Bo Horvat.
3:13 of 1st period - Shot Blocked by Kris Letang.
3:15 of 1st period - Slapshot by Mikhail Sergachev.
3:15 of 1st period - Shot Blocked by Kris Letang.
3:17 of 1st period - Wrist shot by Chris Kreider.
3:17 of 1st period - Deflect By Vladimir Tarasenko.
3:17 of 1st period - Shot Blocked by Sean Couturier.
3:17 of 1st period - Puck is out of play.
3:18 of 1st period - Michael McCarron wins face-off versus Steven Stamkos in Detroit Red Wings zone.
3:36 of 1st period - Icing by Jason Zucker.
3:37 of 1st period - Bo Horvat wins face-off versus Michael McCarron in Detroit Red Wings zone.
3:44 of 1st period - Slapshot by Kris Letang.
3:44 of 1st period - Deflect By Jason Zucker.
3:44 of 1st period - Shot Hit the Post.
3:44 of 1st period - Puck is out of play.
3:45 of 1st period - Mika Zibanejad wins face-off versus Bo Horvat in Chicago Black Hawks zone.
3:56 of 1st period - Wrist shot by Jonathan Huberdeau.
3:56 of 1st period - Stopped by Ilya Sorokin without a rebound.
3:57 of 1st period - Auston Matthews wins face-off versus Matthew Tkachuk in Chicago Black Hawks zone.
4:24 of 1st period - Slapshot by Kris Letang.
4:24 of 1st period - Deflect By Mikhail Sergachev.
4:24 of 1st period - Stopped by Ilya Sorokin with a rebound.
4:36 of 1st period - Snap shot by Matt Duchene.
4:36 of 1st period - Stopped by Semyon Varlamov with a rebound.
4:38 of 1st period - Slapshot by Mikhail Sergachev.
4:38 of 1st period - Deflect By Kris Letang.
4:38 of 1st period - Stopped by Semyon Varlamov without a rebound.
4:39 of 1st period - Mika Zibanejad wins face-off versus Barclay Goodrow in Detroit Red Wings zone.
4:44 of 1st period - Slapshot by Brent Burns.
4:44 of 1st period - Deflect By Bryan Rust.
4:44 of 1st period - Stopped by Semyon Varlamov without a rebound.
4:45 of 1st period - Barclay Goodrow wins face-off versus Mika Zibanejad in Detroit Red Wings zone.
4:46 of 1st period - Slapshot by Bryan Rust.
4:46 of 1st period - Stopped by Semyon Varlamov with a rebound.
5:12 of 1st period - Michael Del Zotto is hit by Bo Horvat and loses puck.
5:35 of 1st period - Wrist shot by Matt Duchene.
5:35 of 1st period - Deflect By Steven Stamkos.
5:35 of 1st period - Stopped by Semyon Varlamov with a rebound.
5:37 of 1st period - Snap shot by Steven Stamkos.
5:37 of 1st period - Shot Blocked by Kris Letang.
5:39 of 1st period - Slapshot by Brent Burns.
5:39 of 1st period - Deflect By Matt Duchene.
5:39 of 1st period - Shot Misses the Net.
5:39 of 1st period - Puck is out of play.
5:40 of 1st period - Mika Zibanejad wins face-off versus Steven Stamkos in Detroit Red Wings zone.
5:49 of 1st period - Wrist shot by Jonathan Huberdeau.
5:49 of 1st period - Shot Misses the Net.
6:27 of 1st period - Jason Spezza is hit by Mikhail Sergachev and loses puck.
7:05 of 1st period - Nicolas Hague is hit by Jonathan Huberdeau.
7:50 of 1st period - Snap shot by Sean Couturier.
7:50 of 1st period - Stopped by Ilya Sorokin without a rebound.
7:51 of 1st period - Jared McCann wins face-off versus Bo Horvat in Chicago Black Hawks zone.
8:42 of 1st period - Backhand shot by Jason Zucker.
8:42 of 1st period - Stopped by Ilya Sorokin without a rebound.
8:42 of 1st period - Minor Penalty to Ilya Sorokin for Slashing.
8:43 of 1st period - Auston Matthews wins face-off versus Barclay Goodrow in Chicago Black Hawks zone.
9:18 of 1st period - Snap shot by Auston Matthews.
9:18 of 1st period - Shot Misses the Net.
9:20 of 1st period - Snap shot by Jonathan Huberdeau.
9:20 of 1st period - Deflect By Brock Nelson.
9:20 of 1st period - Goal by Brock Nelson - Detroit Red Wings : 1 - Chicago Black Hawks : 2.
9:21 of 1st period - Jason Spezza wins face-off versus Bo Horvat in neutral zone.
9:26 of 1st period - Icing by Kris Letang.
9:27 of 1st period - Jason Spezza wins face-off versus Bo Horvat in Detroit Red Wings zone.
9:27 of 1st period - Jason Spezza is hit by Mikhail Sergachev.
9:49 of 1st period - Minor Penalty to Mikhail Sergachev for Tripping.
9:50 of 1st period - Barclay Goodrow wins face-off versus Mika Zibanejad in Chicago Black Hawks zone.
10:07 of 1st period - Wrist shot by Sean Couturier.
10:07 of 1st period - Stopped by Ilya Sorokin with a rebound.
10:18 of 1st period - Icing by Jamie Drysdale.
10:19 of 1st period - Barclay Goodrow wins face-off versus Brock Nelson in Detroit Red Wings zone.
10:22 of 1st period - Snap shot by Lawson Crouse.
10:22 of 1st period - Deflect By Auston Matthews.
10:22 of 1st period - Stopped by Semyon Varlamov without a rebound.
10:23 of 1st period - Barclay Goodrow wins face-off versus Mika Zibanejad in Detroit Red Wings zone.
10:24 of 1st period - Wrist shot by Lawson Crouse.
10:24 of 1st period - Shot Blocked by Shayne Gostisbehere.
11:49 of 1st period - Penalty to Mikhail Sergachev is over, Mikhail Sergachev is back on ice.
12:10 of 1st period - Mikhail Sergachev is hit by Jason Spezza and loses puck.
13:00 of 1st period - Michael Del Zotto is hit by Rasmus Andersson.
13:03 of 1st period - Off-side.
13:04 of 1st period - Steven Stamkos wins face-off versus Jason Spezza in neutral zone.
13:19 of 1st period - Wrist shot by Matthew Tkachuk.
13:19 of 1st period - Deflect By Steven Stamkos.
13:19 of 1st period - Shot Blocked by Daniel Sprong.
13:19 of 1st period - Puck is out of play.
13:20 of 1st period - Bo Horvat wins face-off versus Mika Zibanejad in Detroit Red Wings zone.
13:29 of 1st period - Snap shot by Bo Horvat.
13:29 of 1st period - Stopped by Semyon Varlamov without a rebound.
13:30 of 1st period - Mika Zibanejad wins face-off versus Chris Kreider in Detroit Red Wings zone.
14:55 of 1st period - Wrist shot by Mika Zibanejad.
14:55 of 1st period - Shot Blocked by Chris Kreider.
14:57 of 1st period - Snap shot by Kris Letang.
14:57 of 1st period - Shot Hit the Post.
14:59 of 1st period - Wrist shot by Mika Zibanejad.
14:59 of 1st period - Stopped by Ilya Sorokin without a rebound.
15:00 of 1st period - Auston Matthews wins face-off versus Steven Stamkos in Chicago Black Hawks zone.
15:27 of 1st period - Jamie Drysdale is hit by Rasmus Ristolainen and loses puck.
15:48 of 1st period - Snap shot by Bryan Rust.
15:48 of 1st period - Stopped by Semyon Varlamov without a rebound.
15:49 of 1st period - Michael McCarron wins face-off versus Barclay Goodrow in Detroit Red Wings zone.
16:00 of 1st period - Icing by Shayne Gostisbehere.
16:01 of 1st period - Michael McCarron wins face-off versus Steven Stamkos in Detroit Red Wings zone.
16:01 of 1st period - Michael McCarron is hit by Steven Stamkos.
16:07 of 1st period - Slapshot by Shayne Gostisbehere.
16:07 of 1st period - Deflect By Arthur Kaliyev.
16:07 of 1st period - Stopped by Ilya Sorokin without a rebound.
16:08 of 1st period - Steven Stamkos wins face-off versus Auston Matthews in Chicago Black Hawks zone.
17:01 of 1st period - Slapshot by Lawson Crouse.
17:01 of 1st period - Shot Misses the Net.
17:21 of 1st period - Wrist shot by Bo Horvat.
17:21 of 1st period - Stopped by Semyon Varlamov without a rebound.
17:22 of 1st period - Bo Horvat wins face-off versus Auston Matthews in Detroit Red Wings zone.
17:31 of 1st period - Wrist shot by Vladimir Tarasenko.
17:31 of 1st period - Shot Blocked by Jared McCann.
17:53 of 1st period - Snap shot by Matt Duchene.
17:53 of 1st period - Stopped by Semyon Varlamov with a rebound.
17:57 of 1st period - Wrist shot by Steven Stamkos.
17:57 of 1st period - Shot Misses the Net.
17:59 of 1st period - Slapshot by Rasmus Andersson.
17:59 of 1st period - Shot Misses the Net.
18:01 of 1st period - Snap shot by Matt Duchene.
18:01 of 1st period - Stopped by Semyon Varlamov without a rebound.
18:02 of 1st period - Auston Matthews wins face-off versus Phillip Danault in Detroit Red Wings zone.
18:17 of 1st period - Slapshot by Jared McCann.
18:17 of 1st period - Stopped by Ilya Sorokin with a rebound.
18:29 of 1st period - Jamie Drysdale is hit by Rasmus Ristolainen and loses puck.
18:38 of 1st period - Snap shot by Matt Duchene.
18:38 of 1st period - Stopped by Semyon Varlamov with a rebound.
18:52 of 1st period - Snap shot by Jason Zucker.
18:52 of 1st period - Stopped by Ilya Sorokin with a rebound.
18:54 of 1st period - Backhand shot by Michael Del Zotto.
18:54 of 1st period - Deflect By Mikhail Sergachev.
18:54 of 1st period - Stopped by Ilya Sorokin without a rebound.
18:55 of 1st period - Michael McCarron wins face-off versus Bryan Rust in Chicago Black Hawks zone.
19:24 of 1st period - Slapshot by Mika Zibanejad.
19:24 of 1st period - Stopped by Ilya Sorokin with a rebound.
19:47 of 1st period - Slapshot by Bryan Rust.
19:47 of 1st period - Stopped by Semyon Varlamov with a rebound.
19:49 of 1st period - Snap shot by Lawson Crouse.
19:49 of 1st period - Stopped by Semyon Varlamov without a rebound.
19:50 of 1st period - Mika Zibanejad wins face-off versus Steven Stamkos in Detroit Red Wings zone.
Goals for this period are 1 for Detroit Red Wings vs 2 for Chicago Black Hawks.
Shots for this period are 15 for Detroit Red Wings vs 19 for Chicago Black Hawks.
2nd period
0:01 of 2nd period - Steven Stamkos wins face-off versus Auston Matthews in neutral zone.
0:08 of 2nd period - Wrist shot by Matthew Tkachuk.
0:08 of 2nd period - Stopped by Semyon Varlamov with a rebound.
0:59 of 2nd period - Slapshot by Kris Letang.
0:59 of 2nd period - Shot Blocked by Travis Konecny.
3:23 of 2nd period - Slapshot by Mikhail Sergachev.
3:23 of 2nd period - Shot Blocked by Kris Letang.
3:45 of 2nd period - Snap shot by Auston Matthews.
3:45 of 2nd period - Stopped by Ilya Sorokin with a rebound.
3:47 of 2nd period - Wrist shot by Auston Matthews.
3:47 of 2nd period - Deflect By Jared McCann.
3:47 of 2nd period - Goal by Jared McCann - Detroit Red Wings : 2 - Chicago Black Hawks : 2.
3:48 of 2nd period - Matt Duchene wins face-off versus Mika Zibanejad in neutral zone.
4:15 of 2nd period - Chris Kreider is hit by Auston Matthews.
4:35 of 2nd period - Snap shot by Tyler Ennis.
4:35 of 2nd period - Deflect By Daniel Sprong.
4:35 of 2nd period - Stopped by Ilya Sorokin with a rebound.
6:25 of 2nd period - Snap shot by Jared McCann.
6:25 of 2nd period - Stopped by Ilya Sorokin with a rebound.
6:27 of 2nd period - Wrist shot by Auston Matthews.
6:27 of 2nd period - Stopped by Ilya Sorokin without a rebound.
6:28 of 2nd period - Mika Zibanejad wins face-off versus Steven Stamkos in Chicago Black Hawks zone.
6:37 of 2nd period - Snap shot by Mika Zibanejad.
6:37 of 2nd period - Goal by Mika Zibanejad - Detroit Red Wings : 3 - Chicago Black Hawks : 2.
6:38 of 2nd period - Steven Stamkos wins face-off versus Mika Zibanejad in neutral zone.
6:50 of 2nd period - Off-side.
6:51 of 2nd period - Mika Zibanejad wins face-off versus Steven Stamkos in neutral zone.
7:06 of 2nd period - Slapshot by Matt Duchene.
7:06 of 2nd period - Stopped by Semyon Varlamov with a rebound.
7:18 of 2nd period - Auston Matthews is hit by Brent Burns and loses puck.
7:45 of 2nd period - Jamie Drysdale is hit by Chris Kreider.
8:01 of 2nd period - Wrist shot by Jonathan Huberdeau.
8:01 of 2nd period - Stopped by Ilya Sorokin without a rebound.
8:02 of 2nd period - Mika Zibanejad wins face-off versus Steven Stamkos in Chicago Black Hawks zone.
8:29 of 2nd period - Nikolaj Ehlers is hit by Jared McCann and loses puck.
8:38 of 2nd period - Wrist shot by Nikolaj Ehlers.
8:38 of 2nd period - Stopped by Semyon Varlamov without a rebound.
8:39 of 2nd period - Jason Spezza wins face-off versus Steven Stamkos in Detroit Red Wings zone.
8:43 of 2nd period - Off-side.
8:44 of 2nd period - Jason Spezza wins face-off versus Steven Stamkos in neutral zone.
8:59 of 2nd period - Slapshot by Matt Duchene.
8:59 of 2nd period - Stopped by Semyon Varlamov without a rebound.
9:00 of 2nd period - Bo Horvat wins face-off versus Mika Zibanejad in Detroit Red Wings zone.
9:09 of 2nd period - Snap shot by Vladimir Tarasenko.
9:09 of 2nd period - Stopped by Semyon Varlamov without a rebound.
9:10 of 2nd period - Bo Horvat wins face-off versus Mika Zibanejad in Detroit Red Wings zone.
9:11 of 2nd period - Slapshot by Chris Kreider.
9:11 of 2nd period - Shot Blocked by Kris Letang.
9:13 of 2nd period - Snap shot by Chris Kreider.
9:13 of 2nd period - Shot Blocked by Kris Letang.
9:15 of 2nd period - Snap shot by Brent Burns.
9:15 of 2nd period - Shot Misses the Net.
9:17 of 2nd period - Snap shot by Vladimir Tarasenko.
9:17 of 2nd period - Deflect By Bo Horvat.
9:17 of 2nd period - Shot Misses the Net.
9:17 of 2nd period - Puck is out of play.
9:18 of 2nd period - Mika Zibanejad wins face-off versus Matthew Tkachuk in Detroit Red Wings zone.
9:20 of 2nd period - Minor Penalty to Kris Letang for Hooking.
9:21 of 2nd period - Steven Stamkos wins face-off versus Mika Zibanejad in Detroit Red Wings zone.
10:35 of 2nd period - MacKenzie Weegar is hit by Vladimir Tarasenko.
11:20 of 2nd period - Penalty to Kris Letang is over, Kris Letang is back on ice.
11:32 of 2nd period - Wrist shot by Bryan Rust.
11:32 of 2nd period - Goal by Bryan Rust - Detroit Red Wings : 3 - Chicago Black Hawks : 3.
11:33 of 2nd period - Jason Spezza wins face-off versus Phillip Danault in neutral zone.
12:24 of 2nd period - Wrist shot by Steven Stamkos.
12:24 of 2nd period - Shot Blocked by Kris Letang.
13:28 of 2nd period - Slapshot by Mika Zibanejad.
13:28 of 2nd period - Deflect By Sean Couturier.
13:28 of 2nd period - Stopped by Ilya Sorokin without a rebound.
13:29 of 2nd period - Mika Zibanejad wins face-off versus Steven Stamkos in Chicago Black Hawks zone.
14:00 of 2nd period - Snap shot by Matt Duchene.
14:00 of 2nd period - Shot Misses the Net.
14:08 of 2nd period - Wrist shot by Jonathan Huberdeau.
14:08 of 2nd period - Goal by Jonathan Huberdeau - Detroit Red Wings : 4 - Chicago Black Hawks : 3.
14:09 of 2nd period - Auston Matthews wins face-off versus Vladimir Tarasenko in neutral zone.
14:22 of 2nd period - Slapshot by Kris Letang.
14:22 of 2nd period - Shot Misses the Net.
15:29 of 2nd period - Lawson Crouse is hit by Shayne Gostisbehere.
16:13 of 2nd period - Wrist shot by Nikolaj Ehlers.
16:13 of 2nd period - Shot Misses the Net.
16:39 of 2nd period - Arthur Kaliyev is hit by Nicolas Hague and loses puck.
16:50 of 2nd period - Snap shot by Arthur Kaliyev.
16:50 of 2nd period - Shot Blocked by Barclay Goodrow.
16:52 of 2nd period - Wrist shot by Michael McCarron.
16:52 of 2nd period - Stopped by Ilya Sorokin without a rebound.
16:53 of 2nd period - Mika Zibanejad wins face-off versus Barclay Goodrow in Chicago Black Hawks zone.
17:06 of 2nd period - Wrist shot by Jonathan Huberdeau.
17:06 of 2nd period - Stopped by Ilya Sorokin with a rebound.
17:27 of 2nd period - Snap shot by Bryan Rust.
17:27 of 2nd period - Stopped by Semyon Varlamov without a rebound.
17:28 of 2nd period - Auston Matthews wins face-off versus Steven Stamkos in Detroit Red Wings zone.
18:21 of 2nd period - Kris Letang is hit by Nikolaj Ehlers and loses puck.
18:35 of 2nd period - Off-side.
18:36 of 2nd period - Auston Matthews wins face-off versus Barclay Goodrow in neutral zone.
18:45 of 2nd period - Slapshot by Auston Matthews.
18:45 of 2nd period - Shot Misses the Net.
19:05 of 2nd period - Icing by Jared McCann.
19:06 of 2nd period - Bo Horvat wins face-off versus Auston Matthews in Detroit Red Wings zone.
19:21 of 2nd period - Slapshot by Bo Horvat.
19:21 of 2nd period - Deflect By Vladimir Tarasenko.
19:21 of 2nd period - Shot Blocked by Kris Letang.
19:21 of 2nd period - Puck is out of play.
19:22 of 2nd period - Steven Stamkos wins face-off versus Sean Couturier in Detroit Red Wings zone.
Goals for this period are 3 for Detroit Red Wings vs 1 for Chicago Black Hawks.
Shots for this period are 11 for Detroit Red Wings vs 7 for Chicago Black Hawks.
3rd period
0:01 of 3rd period - Mika Zibanejad wins face-off versus Steven Stamkos in neutral zone.
0:08 of 3rd period - Slapshot by Jonathan Huberdeau.
0:08 of 3rd period - Shot Misses the Net.
0:26 of 3rd period - Brent Burns is hit by Jared McCann and loses puck.
0:35 of 3rd period - Slapshot by Jared McCann.
0:35 of 3rd period - Stopped by Ilya Sorokin without a rebound.
0:36 of 3rd period - Auston Matthews wins face-off versus Steven Stamkos in Chicago Black Hawks zone.
1:09 of 3rd period - Wrist shot by Tyler Ennis.
1:09 of 3rd period - Stopped by Ilya Sorokin with a rebound.
1:11 of 3rd period - Wrist shot by Jason Spezza.
1:11 of 3rd period - Stopped by Ilya Sorokin without a rebound.
1:12 of 3rd period - Mika Zibanejad wins face-off versus Bo Horvat in Chicago Black Hawks zone.
1:38 of 3rd period - Matthew Tkachuk is hit by Kris Letang and loses puck.
1:47 of 3rd period - Snap shot by Daniel Sprong.
1:47 of 3rd period - Shot Misses the Net.
1:49 of 3rd period - Snap shot by Daniel Sprong.
1:49 of 3rd period - Stopped by Ilya Sorokin with a rebound.
1:51 of 3rd period - Wrist shot by Jason Spezza.
1:51 of 3rd period - Stopped by Ilya Sorokin with a rebound.
1:57 of 3rd period - Minor Penalty to Brent Burns for Holding.
1:58 of 3rd period - Barclay Goodrow wins face-off versus Jared McCann in Chicago Black Hawks zone.
3:57 of 3rd period - Penalty to Brent Burns is over, Brent Burns is back on ice.
4:28 of 3rd period - Brent Burns is hit by Jamie Drysdale and loses puck.
4:37 of 3rd period - Slapshot by Devon Toews.
4:37 of 3rd period - Shot Misses the Net.
4:39 of 3rd period - Slapshot by Mikhail Sergachev.
4:39 of 3rd period - Deflect By Bo Horvat.
4:39 of 3rd period - Stopped by Semyon Varlamov with a rebound.
4:41 of 3rd period - Snap shot by Chris Kreider.
4:41 of 3rd period - Goal by Chris Kreider - Detroit Red Wings : 4 - Chicago Black Hawks : 4.
4:42 of 3rd period - Mika Zibanejad wins face-off versus Steven Stamkos in neutral zone.
4:47 of 3rd period - Snap shot by Jonathan Huberdeau.
4:47 of 3rd period - Stopped by Ilya Sorokin without a rebound.
4:48 of 3rd period - Steven Stamkos wins face-off versus Mika Zibanejad in Chicago Black Hawks zone.
5:13 of 3rd period - Slapshot by Matt Duchene.
5:13 of 3rd period - Shot Misses the Net.
5:21 of 3rd period - Jonathan Huberdeau is hit by Steven Stamkos and loses puck.
5:22 of 3rd period - Jonathan Huberdeau from Detroit Red Wings is injured at 5:22 of 3rd period (Sore Left Knee).
5:23 of 3rd period - Matt Duchene wins face-off versus Mika Zibanejad in Detroit Red Wings zone.
7:16 of 3rd period - Wrist shot by Bo Horvat.
7:16 of 3rd period - Goal by Bo Horvat - Detroit Red Wings : 4 - Chicago Black Hawks : 5.
7:17 of 3rd period - Mika Zibanejad wins face-off versus Steven Stamkos in neutral zone.
8:10 of 3rd period - Backhand shot by Vladimir Tarasenko.
8:10 of 3rd period - Shot Misses the Net.
8:12 of 3rd period - Backhand shot by Rasmus Ristolainen.
8:12 of 3rd period - Deflect By Chris Kreider.
8:12 of 3rd period - Stopped by Semyon Varlamov without a rebound.
8:13 of 3rd period - Steven Stamkos wins face-off versus Mika Zibanejad in Detroit Red Wings zone.
8:14 of 3rd period - Wrist shot by Matthew Tkachuk.
8:14 of 3rd period - Stopped by Semyon Varlamov without a rebound.
8:15 of 3rd period - Steven Stamkos wins face-off versus Sean Couturier in Detroit Red Wings zone.
8:46 of 3rd period - Wrist shot by Arthur Kaliyev.
8:46 of 3rd period - Shot Misses the Net.
8:54 of 3rd period - MacKenzie Weegar is hit by Brent Burns.
9:20 of 3rd period - Snap shot by Matt Duchene.
9:20 of 3rd period - Stopped by Semyon Varlamov without a rebound.
9:21 of 3rd period - Bo Horvat wins face-off versus Mika Zibanejad in Detroit Red Wings zone.
9:34 of 3rd period - Wrist shot by Sean Couturier.
9:34 of 3rd period - Stopped by Ilya Sorokin without a rebound.
9:35 of 3rd period - Mika Zibanejad wins face-off versus Phillip Danault in Chicago Black Hawks zone.
10:02 of 3rd period - Rasmus Andersson is hit by Shayne Gostisbehere and loses puck.
11:00 of 3rd period - Phillip Danault is hit by Mika Zibanejad and loses puck.
11:32 of 3rd period - MacKenzie Weegar is hit by Nikolaj Ehlers and loses puck.
11:49 of 3rd period - Kris Letang is hit by Devon Toews and loses puck.
12:09 of 3rd period - Snap shot by Jared McCann.
12:09 of 3rd period - Shot Misses the Net.
12:11 of 3rd period - Snap shot by Brock Nelson.
12:11 of 3rd period - Goal by Brock Nelson - Detroit Red Wings : 5 - Chicago Black Hawks : 5.
12:12 of 3rd period - Steven Stamkos wins face-off versus Mika Zibanejad in neutral zone.
12:36 of 3rd period - Icing by Keith Yandle.
12:37 of 3rd period - Mika Zibanejad wins face-off versus Bo Horvat in Detroit Red Wings zone.
13:06 of 3rd period - Slapshot by Jamie Drysdale.
13:06 of 3rd period - Shot Misses the Net.
13:24 of 3rd period - Wrist shot by Sean Couturier.
13:24 of 3rd period - Shot Misses the Net.
13:26 of 3rd period - Slapshot by Kris Letang.
13:26 of 3rd period - Deflect By Mika Zibanejad.
13:26 of 3rd period - Shot Blocked by Barclay Goodrow.
13:26 of 3rd period - Puck is out of play.
13:27 of 3rd period - Barclay Goodrow wins face-off versus Mika Zibanejad in Chicago Black Hawks zone.
14:30 of 3rd period - Slapshot by Bryan Rust.
14:30 of 3rd period - Stopped by Semyon Varlamov with a rebound.
15:05 of 3rd period - Icing by Rasmus Andersson.
15:06 of 3rd period - Barclay Goodrow wins face-off versus Brock Nelson in Chicago Black Hawks zone.
15:25 of 3rd period - Wrist shot by Barclay Goodrow.
15:25 of 3rd period - Shot Blocked by Shayne Gostisbehere.
15:55 of 3rd period - Snap shot by Barclay Goodrow.
15:55 of 3rd period - Shot Misses the Net.
15:57 of 3rd period - Slapshot by Lawson Crouse.
15:57 of 3rd period - Deflect By Bryan Rust.
15:57 of 3rd period - Stopped by Semyon Varlamov without a rebound.
15:58 of 3rd period - Michael McCarron wins face-off versus Phillip Danault in Detroit Red Wings zone.
16:31 of 3rd period - Wrist shot by Matt Duchene.
16:31 of 3rd period - Shot Blocked by Jason Zucker.
16:33 of 3rd period - Wrist shot by Steven Stamkos.
16:33 of 3rd period - Deflect By Matthew Tkachuk.
16:33 of 3rd period - Shot Blocked by Jamie Drysdale.
16:33 of 3rd period - Puck is out of play.
16:34 of 3rd period - Steven Stamkos wins face-off versus Jason Spezza in Detroit Red Wings zone.
16:49 of 3rd period - Snap shot by Steven Stamkos.
16:49 of 3rd period - Shot Misses the Net.
17:00 of 3rd period - Off-side.
17:01 of 3rd period - Bo Horvat wins face-off versus Auston Matthews in neutral zone.
18:57 of 3rd period - Icing by Bo Horvat.
18:58 of 3rd period - Arthur Kaliyev wins face-off versus Bo Horvat in Chicago Black Hawks zone.
19:21 of 3rd period - Slapshot by Michael Del Zotto.
19:21 of 3rd period - Shot Blocked by Devon Toews.
Goals for this period are 1 for Detroit Red Wings vs 2 for Chicago Black Hawks.
Shots for this period are 8 for Detroit Red Wings vs 8 for Chicago Black Hawks.
Overtime #1
0:01 of 1st overtime period - Phillip Danault wins face-off versus Auston Matthews in neutral zone.
0:05 of 1st overtime period - Minor Penalty to MacKenzie Weegar for Roughing.
0:06 of 1st overtime period - Phillip Danault wins face-off versus Mika Zibanejad in Detroit Red Wings zone.
0:12 of 1st overtime period - Snap shot by Phillip Danault.
0:12 of 1st overtime period - Goal by Phillip Danault - Detroit Red Wings : 5 - Chicago Black Hawks : 6.
Goals for this period are 0 for Detroit Red Wings vs 1 for Chicago Black Hawks.
Shots for this period are 0 for Detroit Red Wings vs 1 for Chicago Black Hawks.
Back to the Top